 Dungeon Crawl Stone Soup version 0.17-a0-1946-gfb768fe (webtiles) character file.

65 brucemayne the Chopper (level 4, -2/58 HPs)
             Began as a Hill Orc Berserker on Oct 1, 2015.
             Was a Believer of Trog.
             Killed by divine providence
             ... invoked by an orc priest
              (13 damage)
             ... on level 3 of the Dungeon.
             The game lasted 00:02:25 (499 turns).

brucemayne the Chopper (Hill Orc Berserker)          Turns: 499, Time: 00:02:25

Health: -2/58      AC:  5    Str: 25    XL:     4   Next: 14%
Magic:  4/4        EV: 11    Int:  7    God:    Trog [**....]
Gold:   60         SH:  0    Dex: 10    Spells: 0 memorised, 3 levels left

rFire  . . .     SeeInvis .     a - +0 hand axe
rCold  . . .     Clarity  .     k - +0 ring mail
rNeg   . . .     SustAt   .     (no shield)
rPois  .         Gourm    .     (no helmet)
rElec  .         Spirit   .     (no cloak)
rCorr  .         Warding  .     (no gloves)
rMut   .         Stasis   .     (no boots)
MR     ++...                    (no amulet)
Stlth  ..........               (no ring)
                                (no ring)

@: berserking, regenerating, very quick, very resistant to hostile enchantments,
extremely unstealthy
A: no striking features
a: Burn Spellbooks, Berserk, Trog's Hand, Renounce Religion, Convert to Beogh


You were on level 3 of the Dungeon.
You worshipped Trog.
Trog was pleased with you.
You were not hungry.

You visited 1 branch of the dungeon, and saw 3 of its levels.

You collected 60 gold pieces.

Inventory:

Hand weapons
 a - a +0 hand axe (weapon)
Armour
 b - a +0 animal skin
 i - a +0 leather armour
 k - a +0 ring mail (worn)
Scrolls
 f - 3 scrolls of identify {unknown}
 h - 2 scrolls of remove curse {unknown}
Potions
 d - a potion of haste {unknown}
 e - 3 potions of agility {unknown}
 g - a potion of heal wounds {unknown}
 l - a potion of brilliance {unknown}
Comestibles
 c - 3 bread rations
 j - 2 chunks of flesh


   Skills:
 - Level 3.6 Fighting
 + Level 6.4 Axes
 - Level 2.1 Armour
 - Level 1.5 Dodging


You had 3 spell levels left.
You didn't know any spells.

Dungeon Overview and Level Annotations

Branches:
Dungeon (3/15)

Altars:
Elyvilon
Okawaru
Qazlal
Yredelemnul


Message History

Unknown command.
You slash the orc!
You kill the orc!
Trog accepts your kill.
You hit the kobold.
The kobold is severely wounded.
The kobold hits you but does no damage.
You barely miss the kobold.
The kobold is severely wounded.
The kobold misses you.
An orc comes into view. It is wielding a dagger of protection.
Unknown command.
The orc shouts!
The orc priest shouts, "Surrender to Beogh and we'll let you live!"
You slash the kobold!
You kill the kobold!
Trog accepts your kill.
The orc priest mumbles some strange prayers to Beogh against you.
Something smites you!
You die...

..♣...P♣♣§P###.#.#....##
♣......♣≈♣♣...........<##.#
....#.§P♣♣...#.#..........#
♣......P§§.............####
.♣#..†#.♣#...#...#.....#
.....)..♣......#.(...#.#
P♣.._..PP........#.....#
........P............#.#
..#...#P♣P.....)@....#.#
♣.......♣.....)))......#
P8..#.P..P.##..##....#.#
........P♣♣.....#.>....#
♣....P..♣P..##.. o.....#
♣P.....P♣P.. ##.#.....##
♣♣..♣..♣♣.♣. o.o....#
.P..♣.P.♣ .#.....#
...♣P..P.♣


You could see an orc priest and an orc.

Vanquished Creatures
  2 adders (D:3)
  2 river rats (D:3)
  A giant gecko (D:3)
  7 orcs (D:3)
  A bat (D:3)
  A goblin (D:2)
  3 hobgoblins
  A quokka (D:3)
  A giant newt (D:3)
  2 kobolds (D:3)
  3 rats (D:3)
24 creatures vanquished.

Notes
Turn   | Place    | Note
--------------------------------------------------------------
     0 | D:1      | brucemayne the Hill Orc Berserker began the quest for the Orb.
     0 | D:1      | Reached XP level 1. HP: 19/19 MP: 1/1
   131 | D:3      | Reached skill level 5 in Axes
   131 | D:3      | Reached XP level 2. HP: 26/26 MP: 2/2
   131 | D:3      | Reached XP level 3. HP: 31/31 MP: 3/3
   234 | D:3      | Found a stormy altar of Qazlal.
   274 | D:3      | Reached skill level 6 in Axes
   350 | D:3      | Found an iron altar of Okawaru.
   352 | D:3      | Found a stormy altar of Qazlal.
   364 | D:3      | Acquired Trog's second power
   404 | D:3      | Found a white marble altar of Elyvilon.
   410 | D:3      | Reached XP level 4. HP: 7/39 MP: 4/4
   431 | D:3      | Found a basalt altar of Yredelemnul.
   490 | D:3      | Noticed an orc priest
   499 | D:3      | Killed from afar by an orc priest

Vault maps used:
D:1:      dpeg_arrival_pits
D:2:      first_bread
D:3:      wad_woods_stonehenge, nicolae_overflow_quartered_altars,
          nemelex_diamond_rough_becter

Action                   |  1- 3 |  4- 6 || total
-------------------------+-------+-------++-------
Melee: Hand axe          |    55 |     6 ||    61
Invok: Berserk           |     4 |     1 ||     5
       Trog's Hand       |       |     1 ||     1
  Eat: Chunk             |     3 |       ||     3
